AoeStats
← neelshah38

Socotra

506667539Analyzed
3v3 RM · 18d ago on Sep 14, 2026· 25m 18s· 6 players
Game mode
Random Map
Map size
128×128
Population
200
Speed
Normal
Resources
Standard
Victory
Conquest
Starting age
Dark Age
Ending age
Imperial Age
RankedLock teamsTeams togetherTeam positionsShared explorationLock speedFull tech treeHidden civsTurbo modeCheats
Victory
Defeat
🇹🇭 Spanish · Thailand
1096
+11
🇮🇳 Ethiopians · India
1019
+14
🇮🇳 Khmer · India
856
+21
🇻🇳 Vietnamese · Vietnam
1030
-18
🇩🇪 Franks · Germany
953
-14
948
-35
neelshah38
10:26 Feudal Age
8:42 Loom
18:43 Castle Age
18:20 Wheelbarrow
19:10 Crossbowman
20:41 Fletching
21:26 Bodkin Arrow
21:44 Double-Bit Axe
23:36 Padded Archer Armor
23:52 Elite Skirmisher
findsarfaraz
2:42 Loom
12:10 Feudal Age
12:39 Horse Collar
13:25 Double-Bit Axe
17:32 Gold Mining
21:51 Castle Age
21:26 Padded Archer Armor
theSy
2:26 Loom
10:32 Feudal Age
15:51 Castle Age
кликуша шершень
7:45 Loom
12:56 Feudal Age
13:23 Double-Bit Axe
13:22 Horse Collar
25:13 Castle Age
agnak3
11:51 Feudal Age
12:34 Loom
12:46 Double-Bit Axe
12:42 Horse Collar
15:15 Wheelbarrow
18:24 Castle Age
17:20 Fletching
19:45 Bodkin Arrow
21:01 Bow Saw
21:12 Town Watch
26:07 Hand Cart
SalBaKiz
5:09 Loom
14:04 Feudal Age
14:20 Man-at-Arms
17:33 Double-Bit Axe
19:42 Wheelbarrow
23:56 Castle Age
Connection lost

Rejoining the realm…

Still unreachable

The connection could not be restored.

Session expired

The server has moved on; the page needs a fresh start.